 Dungeon Sprint DCSS version 0.30-a0-23-ge60ba3568b (webtiles) character file.

Game seed: 10456304225950981871

22773 mhtbhm the Ninja (level 12, 0/70 HPs)
             Began as a Spriggan Brigand on Aug 26, 2022.
             Was the Champion of Dithmenos.
             Slain by the 27-headed Lernaean hydra (6 damage)
             ... in the Dungeon (Sprint I: "Red Sonja").
             The game lasted 00:14:23 (4093 turns).

mhtbhm the Ninja (Spriggan Brigand)                 Turns: 4093, Time: 00:14:24

Health: 0/70       AC:  4    Str: 17    XL:     12   Next: 66%
Magic:  25/25      EV: 31    Int: 11    God:    Dithmenos [******]
Gold:   3739       SH:  0    Dex: 21    Spells: 11/11 levels left

rFire   + + .      SeeInvis +    a - +4 dagger (vorpal)
rCold   + . .      Faith    +    (no shield)
rNeg    . . .      Spirit   .    b - +2 robe {rC+}
rPois   +          Reflect  .    (helmet restricted)
rElec   .          Harm     .    c - +0 cloak
rCorr   .          Rampage  .    (gloves unavailable)
Will    ++...      NoTele   +    (boots unavailable) Stlth *********+
                                 t - amulet "Lahimauc" {Faith Contam Fragile Str+10}
HPRegen 0.21/turn                n - ring of protection from fire
MPRegen 0.19/turn                (no ring)

@: mighty, hasted, wreathed by umbra, unable to read, very quick
A: very small, no large weapons, unfitting armour, see invisible, speed 3,
deformed body, dopey 1, fire resistance 1, poison resistance, inability to read
after injury 1
a: Renounce Religion, Shadow Step, Shadow Form


You were in the Dungeon.
You worshipped Dithmenos.
Dithmenos was exalted by your worship.
You visited 1 branch You collected 6015 gold pieces.
You spent 2276 gold pieces at shops.

Inventory:

Hand Weapons
 a - a +4 vorpal dagger (weapon)
Missiles
 d - 13 poisoned darts
 e - 2 curare-tipped darts (quivered)
Armour
 b - a +2 robe of cold resistance (worn)
 c - a +0 cloak (worn)
Jewellery
 n - a ring of protection from fire (left hand)
 t - the amulet "Lahimauc" (around neck) {Faith Contam Fragile Str+10}
   (You acquired it in the Dungeon)

   [amulet of faith]

   It allows you to gain divine favour quickly.
   Str:       It affects your strength (+10).
   Contam:    It causes magical contamination when unequipped.
   Fragile:   It will be destroyed if unequipped.
Wands
 v - a wand of polymorph (10)
Scrolls
 k - a scroll of butterflies
 l - a scroll of amnesia
 p - 2 scrolls of blinking
 u - 2 scrolls of immolation
Potions
 f - 3 potions of curing
 g - a potion of heal wounds
 h - 3 potions of haste
 i - 2 potions of magic
 j - 2 potions of brilliance
 o - 2 potions of flight
 s - a potion of resistance {unknown}
Miscellaneous
 q - a box of beasts (inert)
 r - a condenser vane (inert)


   Skills:
 + Level 11.0 Fighting
 + Level 15.4 Short Blades
 + Level 7.9 Throwing
 + Level 15.1 Dodging
 O Level 27 Stealth
 * Level 16.1 Invocations
 + Level 3.6 Evocations


You had 11 spell levels left.
You didn't know any spells.
Your spell library was empty.

Dungeon Overview and Level Annotations

Branches:
Dungeon (1/1)

Altars:
Cheibriados
Dithmenos
Elyvilon
Fedhas
Gozag
Hepliaklqana
Kikubaaqudgha
Makhleb
Nemelex Xobeh
Okawaru
Qazlal
Ru
Sif Muna
Trog
Uskayaw
Vehumet
Wu Jian
Xom
Yredelemnul
Zin
The Shining One
Jiyva
Lugonu

Shops:
D !=:?:?(=***?[[(**!![*

Annotations:
D Lernaean hydra, Tiamat


Innate Abilities, Weirdness & Mutations

You are very small and have problems with some larger weapons.
You are too small for most types of armour.
You have supernaturally acute eyesight. (SInv)
You cover ground extremely quickly. (Speed+++)
Armour fits poorly on your strangely shaped body.
You are dopey. (Int -2)
Your flesh is heat resistant. (rF+)
Your system is resistant to poisons. (rPois)
You occasionally lose the ability to read scrolls when taking damage.


Message History

Okay, then.
That's the wrong kind of item! (Use * to select it.) Evoke which item? (* to show all) (? for menu, Esc to quit)
You don't have any such object.
Evoke which item? (* to show all) (? for menu, Esc to quit)
Clouds of freezing vapour condense around you!
The condenser dries out!
The 27-headed Lernaean hydra is engulfed in freezing vapours.
The 27-headed Lernaean hydra seems to slow down.
Unknown command.
Unknown command.
Okay, then.
You feel yourself speed up.
The 27-headed Lernaean hydra is engulfed in freezing vapours.
The 27-headed Lernaean hydra seems to slow down.
You feel very mighty all of a sudden.
Okay, then.
Okay, then.
Okay, then.
You puncture the 27-headed Lernaean hydra!
The 27-headed Lernaean hydra is moderately wounded.
Unknown command.
Unknown command.
You puncture the 27-headed Lernaean hydra!
The 27-headed Lernaean hydra is heavily wounded.
Your shadow hits the 27-headed Lernaean hydra with a dagger.
Unknown command.
You hit the 27-headed Lernaean hydra.
The 27-headed Lernaean hydra is heavily wounded.
Unknown command.
You puncture the 27-headed Lernaean hydra!
The 27-headed Lernaean hydra is severely wounded.
The 27-headed Lernaean hydra bites you. The 27-headed Lernaean hydra bites you!
The 27-headed Lernaean hydra completely misses you.
The 27-headed Lernaean hydra bites you!
You feel threatened and lose the ability to read scrolls!
You emit a cloud of dark smoke.
The 27-headed Lernaean hydra bites you!
* * * LOW HITPOINT WARNING * * *
You emit a cloud of dark smoke.
The 27-headed Lernaean hydra bites you.
You die...

§####.§§§§##).§..#§§..##,,,,,,,,*
§#.###.§§#######'#§§.§.#****,,,,*
.#'#.###'#[..##..#§§§§§#,,,*,,,,*
##...#y#.##...#..##§.§§#,∩,*,,,,*
.#...###..###.#..≈###§##,,,*,,,,*
.+.....##.#A#.#.)≈.[#.####+#,,,,*
○#.....#§.###.#..≈.##+#§.§.##,,,*
.###++##§##...#§§§##§§D§§§..##,,*
###..###§.#+###§@§#..§§§.....#,,*
####..###...#.§§D##.§§§.§....##,*
#..#..#.###.#.≈..#..§§§.).....#,*
#...○°..°.#.###§§#.§§..)......#,*
#..°○.....#.#,'§§##..§.......##,*
'..°...####'#.##§##$$$$$$$$$$#,,*
##...###....#.*~~~##$$$$$$$$##,,*
.#####...####,*~~~~##=$?[!$##,,,*
...)...###,,,,*~~9~~########,,,,*


You could see the 27-headed Lernaean hydra (slow).

Vanquished Creatures
  A shadow dragon (D)
  4 fire giants (D)
  A deep elf annihilator (D)
  A lorocyproca (D)
  A mummy priest (D)
  A hydra (D)
  2 centaur warriors (D)
  Sonja (D)
  A deep troll (D)
  A lindwurm (D)
  8 shining eyes (D)
  2 oklob plants (D)
  A merfolk siren (D)
  2 gargoyles (D)
  2 kobold demonologists (D)
  7 unseen horrors (D)
  4 demonic crawlers (D)
  A hellwing (D)
  4 hornets (D)
  A slime creature (D)
  Sigmund (D)
  13 hogs (D)
  A yak (D)
  2 redbacks (D)
  7 floating eyes (D)
  An ogre (D)
  7 necrophages (D)
  8 jellies (D)
  Ijyb (D)
  A ballistomycete spore (D)
88 creatures vanquished.

Vanquished Creatures (others)
  A ballistomycete spore (D)
1 creature vanquished.

Grand Total: 89 creatures vanquished

Notes
Turn   | Place    | Note
-------+----------+-------------------------------------------
     0 | D        | mhtbhm the Spriggan Brigand began the quest for the Orb.
     0 | D        | Reached XP level 1. HP: 10/10 MP: 2/2
     2 | D        | Noticed Ijyb
    14 | D        | Killed Ijyb
    15 | D        | Reached skill level 9 in Stealth
    15 | D        | Reached XP level 2. HP: 13/15 MP: 3/3
   217 | D        | Noticed an ogre
   220 | D        | Killed an ogre
   221 | D        | Reached skill level 12 in Stealth
   221 | D        | Reached XP level 3. HP: 19/19 MP: 4/4
   221 | D        | Reached XP level 4. HP: 23/23 MP: 5/5
   234 | D        | Noticed Sigmund
   236 | D        | Killed Sigmund
   237 | D        | Reached skill level 5 in Short Blades
   237 | D        | Reached skill level 16 in Stealth
   237 | D        | Reached XP level 5. HP: 28/28 MP: 6/6
   250 | D        | Found an ornate altar of the Wu Jian Council.
   250 | D        | Found a shimmering blue altar of Sif Muna.
   252 | D        | Found a radiant altar of Vehumet.
   257 | D        | Reached XP level 6. HP: 32/32 MP: 7/7
   297 | D        | Found Suekh's Magic Scroll Emporium.
   297 | D        | Found an ancient bone altar of Kikubaaqudgha.
   297 | D        | Found a hazy altar of Hepliaklqana.
   297 | D        | Found a stormy altar of Qazlal.
   297 | D        | Found a hide-covered altar of Uskayaw.
   297 | D        | Found a blossoming altar of Fedhas.
   297 | D        | Found a bloodstained altar of Trog.
   297 | D        | Found an iron altar of Okawaru.
   297 | D        | Found a basalt altar of Yredelemnul.
   297 | D        | Found a glowing golden altar of the Shining One.
   297 | D        | Found a snail-covered altar of Cheibriados.
   297 | D        | Found a sacrificial altar of Ru.
   297 | D        | Found a glowing silver altar of Zin.
   297 | D        | Found a shadowy altar of Dithmenos.
   297 | D        | Found a white marble altar of Elyvilon.
   297 | D        | Noticed a yak
   298 | D        | Found an opulent altar of Gozag.
   299 | D        | Killed a yak
   300 | D        | Reached skill level 18 in Stealth
   300 | D        | Found a sparkling altar of Nemelex Xobeh.
   308 | D        | Became a worshipper of Dithmenos the Shadowed
   327 | D        | Found a burning altar of Makhleb.
   327 | D        | Found a shimmering altar of Xom.
   327 | D        | Noticed a slime creature
   328 | D        | Found a viscous altar of Jiyva.
   328 | D        | Found a corrupted altar of Lugonu.
   330 | D        | Killed a slime creature
   331 | D        | Reached skill level 19 in Stealth
   331 | D        | Reached XP level 7. HP: 37/37 MP: 7/9
   358 | D        | Noticed Sonja
   362 | D        | Killed Sonja
   363 | D        | Reached skill level 5 in Throwing
   363 | D        | Reached skill level 21 in Stealth
   363 | D        | Reached XP level 8. HP: 42/42 MP: 9/12
   380 | D        | Found Hilauzxa's Distillery.
   563 | D        | Noticed a deep troll
   567 | D        | Killed a deep troll
   567 | D        | Reached * piety under Dithmenos
   568 | D        | Reached skill level 5 in Fighting
   568 | D        | Reached skill level 22 in Stealth
   568 | D        | Reached skill level 5 in Invocations
   577 | D        | Found Zulet's Armour Emporium.
   602 | D        | Noticed a centaur warrior
   602 | D        | Noticed a centaur warrior
   604 | D        | Killed a centaur warrior
   605 | D        | Reached skill level 24 in Stealth
   605 | D        | Reached XP level 9. HP: 46/47 MP: 14/14
   624 | D        | HP: 2/47 [centaur warrior (12)]
   631 | D        | Killed a centaur warrior
   632 | D        | Reached skill level 5 in Dodging
   888 | D        | Reached ** piety under Dithmenos
   889 | D        | Reached skill level 25 in Stealth
   899 | D        | Noticed an oklob plant
   901 | D        | Killed an oklob plant
   912 | D        | Reached *** piety under Dithmenos
   944 | D        | Noticed an unseen horror
   944 | D        | Noticed an unseen horror
   950 | D        | Killed an unseen horror
   951 | D        | Reached skill level 26 in Stealth
   951 | D        | Reached XP level 10. HP: 53/53 MP: 17/17
   961 | D        | Reached **** piety under Dithmenos
   970 | D        | Found the +14 obsidian axe {vorpal, Mesm Drain Fly SInv}
   971 | D        | Reached ***** piety under Dithmenos
  1020 | D        | Reached skill level 10 in Short Blades
  1225 | D        | Found Wuriung's Jewellery Shoppe.
  1225 | D        | Found Oses's Weapon Shop.
  1225 | D        | Found Nine Simm's General Store.
  1227 | D        | Found Aczuamuwyg's Assorted Antiques.
  1227 | D        | Found Haunick's General Store.
  1227 | D        | Found Halua's Magic Scroll Shoppe.
  1227 | D        | Found Dagint's Antique Armour Boutique.
  1227 | D        | Found Fuysewoleu's Antique Armour Emporium.
  1227 | D        | Found Ukeng's Weapon Shop.
  1227 | D        | Found Heklublong's General Store.
  1231 | D        | Bought a condenser vane for 480 gold pieces
  1231 | D        | Found Omysir's Assorted Antiques.
  1232 | D        | Found Ihel Qaofi's Distillery.
  1232 | D        | Found Jeruid's Distillery.
  1233 | D        | Found Keorghon's Assorted Antiques.
  1234 | D        | Bought a scroll of blinking for 82 gold pieces
  1241 | D        | Bought a transparent robe for 142 gold pieces
  1241 | D        | Identified the +1 robe of Verdant Amelioration {rPois} (You
                  | bought it in a shop in the Dungeon)
  1253 | D        | Bought a scroll of acquirement for 572 gold pieces
  1253 | D        | Acquired 1196 gold pieces
  1257 | D        | Acquired 1148 gold pieces
  1267 | D        | Bought a potion of haste for 120 gold pieces
  1287 | D        | Bought a notched golden ring for 145 gold pieces
  1342 | D        | Reached skill level 27 in Stealth
  1343 | D        | Reached ****** piety under Dithmenos
  1357 | D        | Reached skill level 10 in Invocations
  1372 | D        | Noticed a gargoyle
  1375 | D        | Killed a gargoyle
  1401 | D        | Noticed a lindwurm
  1404 | D        | Killed a lindwurm
  1422 | D        | Reached XP level 11. HP: 58/58 MP: 20/20
  1477 | D        | Reached skill level 10 in Dodging
  1628 | D        | Noticed a 12-headed hydra
  1630 | D        | Killed a 12-headed hydra
  1701 | D        | Noticed a shadow dragon
  1701 | D        | Noticed a golden dragon
  1704 | D        | Killed a shadow dragon
  1908 | D        | Noticed a daeva
  2257 | D        | Noticed a fire giant
  2258 | D        | Noticed a fire giant
  2258 | D        | Noticed a fire giant
  2258 | D        | Noticed a fire giant
  2259 | D        | Killed a fire giant
  2261 | D        | Killed a fire giant
  2262 | D        | Reached skill level 1 in Evocations
  2263 | D        | Killed a fire giant
  2265 | D        | Killed a fire giant
  2266 | D        | Reached XP level 12. HP: 63/67 MP: 17/23
  2289 | D        | Found the +4 dragonskin cloak
  2289 | D        | Noticed Tiamat
  2311 | D        | Acquired the amulet "Lahimauc" {Faith Contam Fragile
                  | Str+10}
  2486 | D        | Bought a scroll of identify for 28 gold pieces
  2522 | D        | Bought 2 potions of heal wounds for 140 gold pieces
  2522 | D        | Bought a potion of might for 56 gold pieces
  2584 | D        | Bought a scroll of immolation for 100 gold pieces
  2633 | D        | Paralysed by a floating eye for 3 turns
  2642 | D        | Paralysed by a floating eye for 2 turns
  2650 | D        | Reached skill level 10 in Fighting
  2651 | D        | Gained mutation: Armour fits poorly on your strangely
                  | shaped body. [a shining eye]
  2654 | D        | Reached skill level 15 in Invocations
  2732 | D        | Gained mutation: Your spells are a little easier to cast,
                  | but a little less powerful. [a shining eye]
  2827 | D        | Gained mutation: Your body sometimes deteriorates upon
                  | taking damage. [a shining eye]
  2832 | D        | Gained mutation: You occasionally lose the ability to drink
                  | potions when taking damage. [a shining eye]
  2954 | D        | Found Jon Camp's Book Shop.
  2954 | D        | Found Kirhuane's Book Emporium.
  2954 | D        | Found Semi's Magic Scroll Boutique.
  2955 | D        | Found Tetsoenn's Jewellery Shoppe.
  2970 | D        | Bought a scroll of magic mapping for 75 gold pieces
  3035 | D        | Bought a potion of flight for 36 gold pieces
  3035 | D        | Bought a potion of might for 48 gold pieces
  3036 | D        | Bought 2 potions of flight for 72 gold pieces
  3038 | D        | Bought a scroll of immolation for 44 gold pieces
  3051 | D        | Bought a black potion for 26 gold pieces
  3071 | D        | Bought a scroll of identify for 22 gold pieces
  3073 | D        | Lost mutation: Your body sometimes deteriorates upon taking
                  | damage. [potion of mutation]
  3073 | D        | Lost mutation: Your spells are a little easier to cast, but
                  | a little less powerful. [potion of mutation]
  3073 | D        | Lost mutation: You occasionally lose the ability to drink
                  | potions when taking damage. [potion of mutation]
  3073 | D        | Gained mutation: You are dopey. (Int -2) [potion of
                  | mutation]
  3073 | D        | Gained mutation: Your system is resistant to poisons.
                  | (rPois) [potion of mutation]
  3073 | D        | Gained mutation: You occasionally lose the ability to read
                  | scrolls when taking damage. [potion of mutation]
  3073 | D        | Gained mutation: Your flesh is heat resistant. (rF+)
                  | [potion of mutation]
  3091 | D        | Bought an embroidered robe for 88 gold pieces
  3167 | D        | Noticed a lorocyproca
  3169 | D        | Killed a lorocyproca
  3554 | D        | Noticed a deep elf annihilator
  3555 | D        | Noticed a mummy priest
  3577 | D        | Reached skill level 15 in Short Blades
  3582 | D        | Killed a deep elf annihilator
  3750 | D        | Killed a mummy priest
  3751 | D        | Reached skill level 15 in Dodging
  4081 | D        | Noticed the 27-headed Lernaean hydra
  4093 | D        | Slain by the 27-headed Lernaean hydra

Illustrated notes

Levels and vault maps discovered:
D:        dungeon_sprint_1 [red_sonja_temple_1, red_sonja_temple_small_1]

Skill      XL: |  1  2  3  4  5  6  7  8  9 10 11 12 |
---------------+-------------------------------------+-----
Fighting       | 2 3 4 5 6 7 9 11 | 11.0
Short Blades   | 3 5 6 7 8 9 11 14 15 | 15.4
Stealth        | 9 12 16 19 21 24 26 27 | 27.0
Throwing       | 3 4 5 6 7 |  7.9
Dodging        | 2 3 4 5 9 13 15 | 15.1
Invocations    | 2 4 6 8 11 14 16 | 16.1
Evocations     | 1 3 |  3.6

Action                   |  1- 3 |  4- 6 |  7- 9 | 10-12 || total
-------------------------+-------+-------+-------+-------++-------
Melee: Dagger            |    11 |     4 |    31 |   261 ||   307
       Punch             |       |       |       |     3 ||     3
Throw: Dart              |       |       |     4 |    19 ||    23
Invok: Shadow Step       |       |       |       |     5 ||     5
Evoke: Condenser vane    |       |       |       |     5 ||     5
       Box of beasts     |       |       |       |     3 ||     3
  Use: Potion            |     1 |       |     2 |     9 ||    12
       Scroll            |       |       |     1 |    14 ||    15
 Stab: Sleeping          |     1 |     4 |    10 |    34 ||    49
       Confused          |       |       |       |     6 ||     6
       Distracted        |       |       |       |     2 ||     2
Armor: Robe              |       |       |     8 |     6 ||    14
Dodge: Dodged            |     4 |       |    17 |   139 ||   160

Table legend: (Time is in decaauts)
 A = Elapsed time spent in this place.
 B = Non-inter-level travel time spent in this place.
 C = Inter-level travel time spent in this place.
 D = Time resting spent in this place.
 E = Time spent auto-exploring this place.
 F = Levels seen in this place.
 G = Mean time per level.
                   A        B        C        D        E       F      G
               +--------+--------+--------+--------+--------+-----+--------+
         Total |   3439 |   3394 |     45 |   2151 |      0 |   1 | 3439.0 |
       Dungeon |   3439 |   3394 |     45 |   2151 |      0 |   1 | 3439.0 |
               +--------+--------+--------+--------+--------+-----+--------+

Top non-repeatable levels by time:
       D: 3439 daAuts
